 Dungeon Crawl Stone Soup version 0.29.1-13-g9f3cf754e1 (webtiles) character file.

Game seed: 14440873696045413934

2835 theswoord the Cruncher (level 9, -7/61 (69) HPs)
             Began as a Demonspawn Gladiator on Jan 24, 2023.
             Was an Initiate of Hepliaklqana.
             Succumbed to a hornet's poison
             ... on level 7 of the Dungeon.
             The game lasted 00:15:04 (9487 turns).

theswoord the Cruncher (Demonspawn Gladiator)       Turns: 9487, Time: 00:15:05

HP:   -7/61 (69)    AC: 13    Str: 14 (17) XL:     9   Next: 45%
MP:   9/9           EV:  7    Int:  7 (9)  God:    Hepliaklqana [......]
Gold: 559           SH:  0    Dex: 14 (17) Spells: 8/8 levels left

rFire   + . .      SeeInvis .   a - +1 quarterstaff
rCold   . . .      Faith    .   (shield currently unavailable)
rNeg    . . .      Spirit   .   F - +0 storm dragon scales
rPois   .          Reflect  .   (helmet restricted)
rElec   +          Harm     .   g - scarf {shadows}
rCorr   .          Rampage  .   j - +0 pair of gloves
Will    .....                   (no boots)
Stlth   ..........              (no amulet)
HPRegen 0.20/turn               o - ring of protection from fire
MPRegen 0.11/turn               (no ring)

@: lethally poisoned (-7 -> -30), slowed, heavily drained, very slow
A: antennae 1, slimy green scales 1, ignite blood 2, powered by death 1
a: Renounce Religion


You were on level 7 of the Dungeon.
You worshipped Hepliaklqana.
Hepliaklqana was noncommittal.
You visited 2 branches of the dungeon, and saw 8 of its levels.
You also visited: Sewer.

You collected 559 gold pieces.

Inventory:

Hand Weapons
 a - a +1 quarterstaff (weapon)
Missiles
 d - 3 throwing nets (quivered)
 e - a javelin
Armour
 b - a +0 leather armour
 c - a +0 helmet
 g - a scarf of shadows (worn)
 j - a +0 pair of gloves (worn)
 k - a +0 pair of boots
 l - a +0 cloak
 z - a +0 plate armour
 F - +0 storm dragon scales (worn)
Jewellery
 o - a ring of protection from fire (left hand)
Wands
 p - a wand of mindburst (17)
Scrolls
 h - 3 scrolls of blinking
 i - 2 scrolls of enchant weapon
 m - a scroll of poison
 r - a scroll of amnesia
 y - 3 scrolls of teleportation
 B - 3 scrolls of fog
 D - 2 scrolls of immolation {unknown}
 E - 9 scrolls of identify
 H - a scroll of summoning
Potions
 f - 2 potions of flight
 s - 2 potions of mutation {unknown}
 t - 3 potions of invisibility {unknown}
 u - a potion of magic
 v - 2 potions of experience {unknown}
 w - a potion of might
 x - a potion of haste
 A - a potion of cancellation {unknown}
 C - a potion of attraction {unknown}
 G - a potion of lignification {unknown}


   Skills:
 - Level 6.1 Fighting
 + Level 8.1 Staves
 - Level 5.5 Throwing
 - Level 6.0 Dodging


You had 8 spell levels left.
You didn't know any spells.
Your spell library was empty.

Dungeon Overview and Level Annotations

Branches:
Dungeon (7/15)             Temple (1/1) D:7           Sewer (visited)

Altars:
Cheibriados
Dithmenos
Fedhas
Hepliaklqana
Kikubaaqudgha
Makhleb
Nemelex Xobeh
Qazlal
Ru
Sif Muna
Trog
Uskayaw
Vehumet
Wu Jian

Shops:
D:5 (   D:7 [[


Innate Abilities, Weirdness & Mutations

You have a pair of small antennae on your head.
You are partially covered in slimy green scales. (AC +2)
Your demonic aura often causes spilled blood to erupt in flames.
You regenerate a little health from kills.


Message History

You suddenly lose the ability to move!
You feel sick. The hornet completely misses you.
You can move again.
You barely miss the hornet.
The hornet is moderately wounded.
You feel sick. The hornet stings you!
* * * LOW HITPOINT WARNING * * *
You feel as though you will be slow longer.
The hornet stings you but does no damage.
You feel better. The hornet closely misses you.
The hornet stings you but does no damage.
You barely miss the hornet.
The hornet is moderately wounded.
The hornet stings you but does no damage.
The hornet barely misses you.
You hit the hornet.
The hornet is moderately wounded.
The hornet stings you.
* * * LOW HITPOINT WARNING * * *
You are poisoned.
You suddenly lose the ability to move!
The hornet stings you.
* * * LOW HITPOINT WARNING * * *
You feel as though you will be slow longer.
* * * LOW HITPOINT WARNING * * *
You feel very sick. The hornet stings you!
* * * LOW HITPOINT WARNING * * *
You feel as though you will be slow longer.
The hornet stings you but does no damage.
You can move again.
You feel better. The hornet stings you.
* * * LOW HITPOINT WARNING * * *
You are lethally poisoned!
You feel as though you will be slow longer.
The hornet stings you.
* * * LOW HITPOINT WARNING * * *
You are more poisoned.
You feel as though you will be slow longer.
It was a potion of magic.
Magic courses through your body.
You die...

#.#######..#########
#.##......##
#.##.############
#.##.# #......#
#.#..#####.#....#
#.#.##.......#..#
#.>.##..........###
#..###......#.#...##
#..@##......#.###...
#..y.#.....##...###.
#..#.#.....#........
#..#.#...[##[)>..##.
#..#....#......)(#..
#..###..).###...##.#
#...........###.#...
##.####...#...#.#...
#.# ###...........


You could see a hornet.

Vanquished Creatures
  A steam dragon (D:4)
  A water moccasin (D:5)
  2 black bears
  3 ice beasts
  An orc warrior (D:7)
  An ogre (D:5)
  2 phantoms
  A gnoll sergeant (D:5)
  2 scorpions
  3 bullfrogs
  7 wights
  A howler monkey (D:5)
  4 jellies
  5 hounds
  A gnoll bouda (D:7)
  2 orc priests (D:7)
  10 iguanas
  6 orc wizards
  9 gnolls
  2 river rats (Sewer)
  8 adders
  2 shadow imps
  2 white imps (D:5)
  2 ufetubi
  A worm (D:3)
  5 dart slugs
  15 orcs
  12 endoplasms
  12 giant cockroaches
  5 goblins
  7 hobgoblins
  4 jackals (D:4)
  7 quokkas
  10 ball pythons
  3 bats
  8 frilled lizards
  7 kobolds
  4 rats
178 creatures vanquished.

Vanquished Creatures (others)
  A hobgoblin (D:4)
  4 toadstools (D:1)
5 creatures vanquished.

Grand Total: 183 creatures vanquished

Notes
Turn   | Place    | Note
-------+----------+-------------------------------------------
     0 | D:1      | theswoord the Demonspawn Gladiator began the quest for the
                  | Orb.
     0 | D:1      | Reached XP level 1. HP: 16/16 MP: 1/1
   359 | D:1      | Gained mutation: Your demonic aura sometimes causes spilled
                  | blood to erupt in flames. [demonic ancestry]
   359 | D:1      | Reached XP level 2. HP: 22/22 MP: 2/2
   953 | D:2      | Identified the +5 dagger "Ucecvotio" {elec, SInv}
  1069 | D:2      | Reached skill level 3 in Staves
  1164 | D:2      | Reached XP level 3. HP: 24/28 MP: 3/3
  1934 | D:3      | Found a glowing drain.
  1963 | Sewer    | Entered a sewer
  1985 | Sewer    | Gained mutation: You regenerate a little health from kills.
                  | [demonic ancestry]
  1985 | Sewer    | Reached XP level 4. HP: 19/34 MP: 4/4
  2531 | Sewer    | Found a viscous altar of Jiyva.
  2601 | Sewer    | Reached XP level 5. HP: 41/41 MP: 5/5
  3690 | D:4      | Gained mutation: You are partially covered in slimy green
                  | scales. (AC +2) [demonic ancestry]
  3690 | D:4      | Reached XP level 6. HP: 32/47 MP: 6/6
  3880 | D:4      | Found the amulet of the Air {Inacc Air Fly rElec RMsl}
  4035 | D:4      | Reached skill level 4 in Staves
  4425 | D:4      | Gained mutation: You have a pair of small antennae on your
                  | head. [demonic ancestry]
  4425 | D:4      | Reached XP level 7. HP: 54/54 MP: 7/7
  4974 | D:5      | Entered Level 5 of the Dungeon
  5101 | D:5      | Found Ocwy's Weapon Emporium.
  5306 | D:5      | Reached skill level 5 in Staves
  5309 | D:5      | Reached skill level 5 in Dodging
  5321 | D:5      | Reached skill level 5 in Fighting
  5321 | D:5      | Reached XP level 8. HP: 40/62 MP: 8/8
  6603 | D:6      | Reached skill level 5 in Throwing
  7114 | D:4      | Reached skill level 6 in Staves
  7114 | D:4      | Gained mutation: Your demonic aura often causes spilled
                  | blood to erupt in flames. [demonic ancestry]
  7114 | D:4      | Reached XP level 9. HP: 41/69 MP: 9/9
  7872 | D:7      | Found Daerch's Armour Emporium.
  7872 | D:7      | Found Docozel's Armour Boutique.
  8036 | D:7      | Reached skill level 7 in Staves
  8135 | D:7      | Found a staircase to the Ecumenical Temple.
  8199 | Temple   | Entered the Ecumenical Temple
  8288 | Temple   | Became a worshipper of Hepliaklqana the Forgotten
  8770 | D:7      | Reached skill level 8 in Staves
  9479 | D:7      | Paralysed by a hornet for 2 turns
  9484 | D:7      | Paralysed by a hornet for 2 turns
  9485 | D:7      | HP: 1/61 [hornet (7)]
  9487 | D:7      | Succumbed to a hornet's poison

Skill      XL: |  1  2  3  4  5  6  7  8  9 |
---------------+----------------------------+-----
Throwing       | 2 3 4 5 |  5.5
Staves         | 3 4 5 6 8 |  8.1
Dodging        | 3 4 5 6 |  6.0
Fighting       | 3 4 5 6 |  6.1

Action                   |  1- 3 |  4- 6 |  7- 9 || total
-------------------------+-------+-------+-------++-------
Melee: Quarterstaff      |   127 |   212 |   351 ||   690
  Use: Scroll            |     5 |     7 |     1 ||    13
       Potion            |       |     1 |    12 ||    13
 Stab: Sleeping          |     1 |       |       ||     1
       Distracted        |       |       |     1 ||     1
Armor: Leather armour    |    54 |    31 |       ||    85
       Plate armour      |       |   126 |   108 ||   234
       Storm dragon scal |       |       |   137 ||   137
Dodge: Dodged            |    94 |   122 |   118 ||   334

Levels and vault maps discovered:
D:1:      ldierk_walled_garden_2, layout_loops_cross,
          wander_ebering_terrifying_dragon_lair
D:2:      layout_basic
D:3:      layout_basic, portal_sewer_entry_f
D:4:      layout_basic, nzn_random_ring
D:5:      layout_basic, serial_glass, glass_columns_a, glass_columns_c,
          glass_columns_b, serial_shops, nicolae_square_shop,
          minmay_fractal_squares_5
D:6:      layout_basic, palyth_stone_intersect, minmay_fountain_box,
          serial_bayou_pond_d
D:7:      layout_basic, minmay_temple_entry_slanted, nicolae_wooded_promenade
Temple:   nicolae_temple_bog_church
